 Dungeon Sprint DCSS version 0.28-a0-1624-g820543e53a (webtiles) character file.

Game seed: 1895779375397305113

30057 mhtbhm the Minotaur Porcupine (level 13, -6/139 HPs)
             Began as a Minotaur Fighter on Jan 23, 2022.
             Was an Initiate of Gozag.
             Mangled by an emperor scorpion (29 damage)
             ... in the Dungeon (Sprint IX: "|||||||||||||||||||||||||||||").
             The game lasted 00:08:45 (3246 turns).

mhtbhm the Minotaur Porcupine (Minotaur Fighter)    Turns: 3246, Time: 00:08:45

Health: -6/139     AC: 28    Str: 25    XL:     13   Next: 18%
Magic:  1/12       EV: 13    Int:  5    God:    Gozag
Gold:   8561       SH:  0    Dex: 11    Spells: 12/12 levels left

rFire   + . .      SeeInvis .   a - +8 glaive of the Guard {elec, spectral, AC+5}
rCold   + . .      Faith    .   (shield currently unavailable)
rNeg    . . .      Spirit   .   b - +4 chain mail {rF+}
rPois   .          Reflect  .   (helmet restricted)
rElec   .          Harm     .   s - +0 cloak
rCorr   .          Rampage  .   m - +1 pair of gloves
Will    .....      NoTele   +   (no boots)
Stlth   +.........              (no amulet)
HPRegen 0.33/turn               z - ring of protection from cold
MPRegen 0.13/turn               n - +2 ring of evasion

@: hasted, very quick
A: horns 2, retaliatory headbutt
a: Renounce Religion, Potion Petition, Call Merchant, Bribe Branch


You were in the Dungeon.
You worshipped Gozag.
Gozag was greatly pleased with you.
You visited 1 branch You collected 10451 gold pieces.
You spent 1890 gold pieces at shops.

Inventory:

Hand Weapons
 a - the +8 glaive of the Guard (weapon) {elec, spectral, AC+5}
   (You found it in the Dungeon)

   It occasionally discharges a powerful burst of electricity upon striking a
   foe.
   When it strikes, its spirit leaps out and fights alongside the wielder.
   AC:        It affects your AC (+5).
Missiles
 q - 4 javelins (quivered)
Armour
 b - a +4 chain mail of fire resistance (worn)
 c - a +0 pair of gloves
 m - a +1 pair of gloves (worn)
 s - a +0 cloak (worn)
Jewellery
 n - a +2 ring of evasion (right hand)
 z - a ring of protection from cold (left hand)
Wands
 l - a wand of acid (5)
 x - a wand of charming (8)
Scrolls
 j - a scroll of blinking
 k - 2 scrolls of amnesia
 o - 5 scrolls of enchant weapon
 p - 2 scrolls of fear
 w - a scroll of identify
 y - 3 scrolls of fog
 A - 2 scrolls of enchant armour
Potions
 d - 3 potions of might
 e - 6 potions of curing
 f - 9 potions of heal wounds
 g - 3 potions of haste
 h - 4 potions of magic
 i - a potion of brilliance
 r - a potion of mutation
 t - 2 potions of attraction
 u - a potion of experience
 B - a potion of lignification
Miscellaneous
 v - a phantom mirror


   Skills:
 + Level 20.2 Fighting
 O Level 27 Polearms
 + Level 0.4 Throwing
 + Level 18.4 Armour
 + Level 7.3 Dodging
 + Level 9.0 Stealth
 - Level 7.1 Shields
 + Level 5.4 Evocations


You had 12 spell levels left.
You didn't know any spells.
Your spell library contained the following spells:

 Spells                   Type           Power      Damage    Failure   Level
 Animate Armour           Summ/Erth      0%         N/A       100%        4
 Blade Hands              Tmut           0%         N/A       100%        5
 Iron Shot                Conj/Erth      0%         9d1       100%        6


Dungeon Overview and Level Annotations

Branches:
Dungeon (1/1)

Altars:
Cheibriados
Dithmenos
Elyvilon
Fedhas
Gozag
Hepliaklqana
Kikubaaqudgha
Makhleb
Nemelex Xobeh
Okawaru
Qazlal
Ru
Sif Muna
Trog
Uskayaw
Vehumet
Wu Jian
Xom
Yredelemnul
Zin
The Shining One
Beogh
Jiyva
Lugonu

Shops:
D !([*


Innate Abilities, Weirdness & Mutations

You have a pair of horns on your head.
You reflexively headbutt those who attack you in melee.


Message History

The emperor scorpion barely misses you. You furiously retaliate!
You headbutt the emperor scorpion, but do no damage.
The emperor scorpion claws you but does no damage.
The emperor scorpion claws you!
Aiming: Phantom Mirror
Press: ? - help, Dir - move target, f/p - emperor scorpion
Aim: an emperor scorpion (heavily wounded, berserk, soul bound) Nothing appears to happen.
You feel very sick. The emperor scorpion stings you!
* * * LOW HITPOINT WARNING * * *
You are lethally poisoned!
The emperor scorpion poisons you!
The emperor scorpion claws you but does no damage. x2
You feel you are being watched by something.
Unknown command.
You feel better.
The moth of wrath is no longer distracted by gold.
The emperor scorpion stings you!
* * * LOW HITPOINT WARNING * * *
The emperor scorpion claws you.
* * * LOW HITPOINT WARNING * * *
The emperor scorpion claws you but does no damage.
The emperor scorpion stings you!
* * * LOW HITPOINT WARNING * * *
You are lethally poisoned!
The emperor scorpion poisons you!
The emperor scorpion barely misses you. x2
Blink to where?
Press: ? - help, Dir - move target, p - emperor scorpion
As you read the scroll of blinking, it crumbles to dust.
* * * LOW HITPOINT WARNING * * *
You feel extremely sick.
You feel better.
You feel yourself speed up.
You feel you are being watched by something.
You feel your power leaking away.
The emperor scorpion's soul is no longer bound.
The emperor scorpion stings you!!
You die...
Your body crumbles into a pile of gold.

▓s▓.▓.▓.▓.▓.▓.▓.▓.▓
▓.▓.▓.▓.▓.▓.▓.▓.▓.▓
▓.▓.▓.▓.▓.▓.▓.▓.▓)▓
▓.▓.▓.▓.▓.▓.▓.▓.▓.▓
▓.▓.▓.▓.▓.▓)▓.▓.▓.▓
▓.▓.▓.▓.▓.▓)▓'▓.▓.▓
▓.▓.▓.▓.▓.▓.▓.▓.▓.▓
▓.▓s▓'▓.▓.▓.▓.▓.▓.▓
▓.▓@▓.▓.▓.▓)▓.▓.▓†▓
▓y▓.▓.▓.▓.▓.▓.▓.▓†▓
▓.▓.▓.▓.▓.▓.▓.▓.▓.▓
▓.▓.▓=▓.▓)▓.▓.▓.▓.▓
▓{▓.▓.▓.▓.▓.▓)▓.▓.▓
▓y▓.▓)▓.▓)▓.▓.▓.▓.▓
▓y▓.▓)▓.▓)▓.▓.▓.▓'▓
▓.▓.▓)▓.▓)▓.▓.▓.▓_▓
▓.▓.▓)▓.▓)▓.▓.▓.▓_▓


You could see an emperor scorpion (berserk).

Vanquished Creatures
  Saint Roka (D)
  2 fire giants (D)
  A stone giant (D)
  A fire dragon (D)
  A hydra (D)
  A boulder beetle (D)
  A rakshasa (D)
  2 centaur warriors (D)
  A tengu warrior (D)
  7 orc high priests (D)
  Urug (D)
  Nergalle (D)
  A pharaoh ant (D)
  10 orc knights (D)
  A wolf spider (D)
  An orc sorcerer (D)
  An ugly thing (D)
  3 deep elf pyromancers (D)
  A cyclops (D)
  A moth of wrath (shapeshifter) (D)
  A black mamba (D)
  6 cane toads (D)
  An unseen horror (D)
  Psyche (D)
  4 komodo dragons (D)
  A tyrant leech (D)
  2 blink frogs (D)
  A jumping spider (D)
  3 yaks (D)
  A wraith (D)
  3 vampire mosquitoes (D)
  An acid dragon (D)
  4 water moccasins (D)
  9 orc warriors (D)
  An ice beast (D)
  A centaur (D)
  3 ogres (D)
  4 bullfrogs (D)
  3 orc priests (D)
  5 orc wizards (D)
  3 adders (D)
  An adder skeleton (D)
  7 orcs (D)
  3 goblins (D)
  A hobgoblin (D)
  A bat (D)
110 creatures vanquished.

Vanquished Creatures (collateral kills)
  A spark wasp (D)
  A hydra (D)
2 creatures vanquished.

Vanquished Creatures (others)
  A manticore (D)
1 creature vanquished.

Grand Total: 113 creatures vanquished

Notes
Turn   | Place    | Note
-------+----------+-------------------------------------------
     0 | D        | mhtbhm the Minotaur Fighter began the quest for the Orb.
     0 | D        | Reached XP level 1. HP: 19/19 MP: 0/0
     5 | D        | Banished a spatial maelstrom
    80 | D        | Noticed an ice beast
    82 | D        | Reached skill level 3 in Polearms
    82 | D        | Reached XP level 2. HP: 28/28 MP: 1/1
    83 | D        | Reached skill level 5 in Fighting
    83 | D        | Reached skill level 5 in Armour
    83 | D        | Reached skill level 5 in Shields
    90 | D        | Killed an ice beast
    91 | D        | Reached skill level 4 in Polearms
    91 | D        | Reached skill level 1 in Dodging
    91 | D        | Reached XP level 3. HP: 39/39 MP: 2/2
    91 | D        | Reached XP level 4. HP: 47/47 MP: 3/3
   131 | D        | Found a snail-covered altar of Cheibriados.
   131 | D        | Found a shadowy altar of Dithmenos.
   131 | D        | Found a white marble altar of Elyvilon.
   131 | D        | Found a blossoming altar of Fedhas.
   131 | D        | Found an opulent altar of Gozag.
   132 | D        | Found a hazy altar of Hepliaklqana.
   133 | D        | Found a viscous altar of Jiyva.
   134 | D        | Found an ancient bone altar of Kikubaaqudgha.
   135 | D        | Found a corrupted altar of Lugonu.
   136 | D        | Found a burning altar of Makhleb.
   137 | D        | Found a sparkling altar of Nemelex Xobeh.
   138 | D        | Found an iron altar of Okawaru.
   139 | D        | Found a stormy altar of Qazlal.
   140 | D        | Found a sacrificial altar of Ru.
   141 | D        | Found a shimmering blue altar of Sif Muna.
   142 | D        | Found a bloodstained altar of Trog.
   143 | D        | Found a hide-covered altar of Uskayaw.
   144 | D        | Found a radiant altar of Vehumet.
   145 | D        | Found an ornate altar of the Wu Jian Council.
   146 | D        | Found a shimmering altar of Xom.
   147 | D        | Found a basalt altar of Yredelemnul.
   148 | D        | Found a glowing silver altar of Zin.
   149 | D        | Found a glowing golden altar of the Shining One.
   177 | D        | Became a worshipper of Gozag Ym Sagoz the Greedy
   196 | D        | Found the +8 glaive of the Guard {elec, spectral, AC+5}
   247 | D        | Noticed an orc warrior
   247 | D        | Noticed a vampire mosquito
   247 | D        | Noticed a wraith
   247 | D        | Noticed a yak
   247 | D        | Noticed a centaur
   248 | D        | Killed an orc warrior
   249 | D        | Reached skill level 6 in Polearms
   249 | D        | Reached XP level 5. HP: 55/55 MP: 4/4
   249 | D        | Killed a vampire mosquito
   250 | D        | Reached skill level 8 in Polearms
   250 | D        | Reached XP level 6. HP: 63/63 MP: 5/5
   251 | D        | Killed a wraith
   252 | D        | Reached skill level 10 in Fighting
   252 | D        | Reached skill level 9 in Polearms
   252 | D        | Reached skill level 10 in Armour
   252 | D        | Killed a yak
   253 | D        | Reached skill level 10 in Polearms
   253 | D        | Reached XP level 7. HP: 71/73 MP: 6/6
   256 | D        | Killed an unseen horror
   257 | D        | Reached skill level 11 in Polearms
   261 | D        | Reached skill level 12 in Polearms
   377 | D        | Noticed a deep elf pyromancer
   377 | D        | Noticed a boulder beetle
   377 | D        | Noticed a seven-headed hydra
   377 | D        | Noticed a green ugly thing
   377 | D        | Noticed a centaur warrior
   381 | D        | Killed a deep elf pyromancer
   382 | D        | Reached skill level 13 in Polearms
   382 | D        | Reached XP level 8. HP: 54/83 MP: 7/7
   737 | D        | Killed a boulder beetle
   738 | D        | Reached skill level 14 in Polearms
   738 | D        | Reached XP level 9. HP: 46/93 MP: 8/8
   746 | D        | Killed a nine-headed hydra
   747 | D        | Reached skill level 15 in Polearms
   747 | D        | Reached skill level 5 in Dodging
   747 | D        | Reached skill level 1 in Stealth
   747 | D        | Reached skill level 1 in Evocations
   749 | D        | Killed a green ugly thing
   750 | D        | Reached skill level 16 in Polearms
   750 | D        | Killed a centaur warrior
  1086 | D        | Noticed a komodo dragon
  1086 | D        | Noticed a cane toad
  1086 | D        | Noticed a cane toad
  1088 | D        | Reached skill level 17 in Polearms
  1088 | D        | Killed a komodo dragon
  1089 | D        | Reached XP level 10. HP: 103/103 MP: 9/9
  1089 | D        | Noticed a cane toad
  1090 | D        | Killed a cane toad
  1093 | D        | Noticed a black mamba
  1096 | D        | Killed a cane toad
  1097 | D        | Reached skill level 18 in Polearms
  1101 | D        | Killed a cane toad
  1102 | D        | Reached skill level 15 in Armour
  1104 | D        | Killed a black mamba
  1157 | D        | Noticed a cane toad
  1157 | D        | Noticed a cane toad
  1159 | D        | Killed a cane toad
  1161 | D        | Reached skill level 19 in Polearms
  1167 | D        | Killed a cane toad
  1168 | D        | Reached skill level 15 in Fighting
  1177 | D        | Reached skill level 20 in Polearms
  1313 | D        | Noticed a cane toad
  1317 | D        | Killed a cane toad
  1321 | D        | Reached XP level 11. HP: 95/113 MP: 10/10
  1454 | D        | Noticed Psyche
  1457 | D        | Killed Psyche
  1458 | D        | Reached skill level 21 in Polearms
  1493 | D        | Noticed an orc knight
  1497 | D        | Noticed an orc high priest
  1506 | D        | Killed an orc knight
  1511 | D        | Killed an orc high priest
  1757 | D        | Noticed an orc knight
  1757 | D        | Noticed an orc sorcerer
  1757 | D        | Noticed an orc knight
  1763 | D        | Killed an orc knight
  1764 | D        | Reached skill level 22 in Polearms
  1765 | D        | Killed an orc sorcerer
  1768 | D        | Killed an orc knight
  1776 | D        | Reached skill level 5 in Stealth
  1816 | D        | Found Oraisocali's Distillery.
  1816 | D        | Noticed an orc high priest
  1816 | D        | Noticed an orc knight
  1816 | D        | Noticed an orc high priest
  1816 | D        | Noticed an orc knight
  1816 | D        | Noticed an orc high priest
  1818 | D        | Noticed an orc high priest
  1820 | D        | Killed an orc high priest
  1823 | D        | Killed an orc knight
  1824 | D        | Reached skill level 23 in Polearms
  1825 | D        | Killed an orc high priest
  1827 | D        | Found Jurec's Antique Weapon Shoppe.
  1827 | D        | Noticed an orc knight
  1829 | D        | Noticed an orc knight
  1830 | D        | Found Qetoov's Armour Emporium.
  1831 | D        | Killed an orc knight
  1835 | D        | Killed an orc high priest
  1836 | D        | Noticed an orc knight
  1837 | D        | Killed an orc high priest
  1956 | D        | Killed an orc knight
  1957 | D        | Reached skill level 24 in Polearms
  1958 | D        | Killed an orc knight
  1959 | D        | Reached XP level 12. HP: 35/125 MP: 11/11
  2312 | D        | Noticed an orc high priest
  2318 | D        | Killed an orc high priest
  2376 | D        | Found Xare's Assorted Antiques.
  2380 | D        | Bought a potion of experience for 600 gold pieces
  2382 | D        | Noticed an orc high priest
  2389 | D        | Killed an orc high priest
  2403 | D        | Bought a phantom mirror for 720 gold pieces
  2403 | D        | Bought a twisted emerald ring for 90 gold pieces
  2403 | D        | Bought a silver wand for 72 gold pieces
  2403 | D        | Bought 2 scrolls labelled JOQEBOUKOCW for 36 gold pieces
  2409 | D        | Bought a potion of haste for 120 gold pieces
  2409 | D        | Bought a potion of heal wounds for 60 gold pieces
  2409 | D        | Bought a potion of curing for 36 gold pieces
  2409 | D        | Bought 2 potions of heal wounds for 120 gold pieces
  2409 | D        | Bought a potion of attraction for 36 gold pieces
  2467 | D        | Noticed Urug
  2475 | D        | Killed Urug
  2476 | D        | Reached skill level 25 in Polearms
  2657 | D        | Noticed an eight-headed hydra
  2657 | D        | Noticed a tengu warrior
  2657 | D        | Noticed a centaur warrior
  2659 | D        | Killed a ten-headed hydra
  2665 | D        | Noticed a fire giant
  2668 | D        | Killed a tengu warrior
  2669 | D        | Noticed a fire giant
  2674 | D        | Killed a centaur warrior
  2678 | D        | Killed a fire giant
  2679 | D        | Killed a fire giant
  2680 | D        | Reached skill level 26 in Polearms
  2684 | D        | Noticed a spark wasp
  2685 | D        | Noticed a stone giant
  2686 | D        | Noticed a fire dragon
  2687 | D        | Noticed a rakshasa
  2699 | D        | Killed a spark wasp
  2705 | D        | Killed a stone giant
  2712 | D        | Killed a fire dragon
  2717 | D        | Killed a rakshasa
  2876 | D        | Noticed Saint Roka
  2882 | D        | Reached XP level 13. HP: 113/137 MP: 12/12
  2897 | D        | Killed Saint Roka
  2898 | D        | Reached skill level 27 in Polearms
  2898 | D        | Reached skill level 5 in Evocations
  3098 | D        | Noticed Nergalle
  3108 | D        | Killed Nergalle
  3215 | D        | Noticed an emperor scorpion
  3246 | D        | Mangled by an emperor scorpion

Illustrated notes

Levels and vault maps discovered:
D:        linesprint [early_d, line_temple, items_1, d_10, items_2, lair_1,
          lair_end, items_3, orc_1, orc_end, items_4, d_15, swamp_1, shoals_1,
          snake_1, spider_1, d_20, vaults_1, items_5, swamp_end, shoals_end,
          snake_end, spider_end, vaults_end, d_27, items_6, zot_1, zot_end,
          crypt_end, forest_end, elf_end, slime_end, tomb_end, abyss_end,
          pan_hell_end]

Skill      XL: |  1  2  3  4  5  6  7  8  9 10 11 12 13 |
---------------+----------------------------------------+-----
Fighting       | 4 7 8 9 10 12 13 14 15 17 19 20 | 20.2
Armour         | 4 6 8 9 10 12 13 14 15 16 17 18 | 18.4
Shields        | 4 7 |  7.1
Polearms       | 3 4 6 8 10 13 14 17 20 24 26 27 | 27.0
Dodging        | 1 2 3 4 5 6 7 |  7.3
Stealth        | 2 3 6 8 9 |  9.0
Evocations     | 2 3 4 5 |  5.4
Throwing       | |  0.4

Action                   |  1- 3 |  4- 6 |  7- 9 | 10-12 | 13-15 || total
-------------------------+-------+-------+-------+-------+-------++-------
Melee: Trident           |    20 |     2 |       |       |       ||    22
       Headbutt          |     5 |     2 |     1 |    19 |     2 ||    29
       Glaive            |       |     5 |    19 |   144 |    21 ||   189
Throw: Javelin           |       |       |       |     1 |       ||     1
Evoke: Wand              |       |       |     6 |     3 |     1 ||    10
       Phantom mirror    |       |       |       |     2 |     3 ||     5
  Use: Potion            |     1 |       |     1 |       |     4 ||     6
       Scroll            |       |       |     1 |     1 |     2 ||     4
 Stab: Invisible         |       |       |     2 |       |       ||     2
       Distracted        |       |       |       |     6 |       ||     6
Armor: Scale mail        |     4 |       |       |       |       ||     4
       Chain mail        |       |     4 |     9 |    30 |    17 ||    60
Dodge: Dodged            |     4 |     1 |     4 |    14 |    16 ||    39
Block: Buckler           |     4 |     1 |       |       |       ||     5

Table legend: (Time is in decaauts)
 A = Elapsed time spent in this place.
 B = Non-inter-level travel time spent in this place.
 C = Inter-level travel time spent in this place.
 D = Time resting spent in this place.
 E = Time spent auto-exploring this place.
 F = Levels seen in this place.
 G = Mean time per level.
                   A        B        C        D        E       F      G
               +--------+--------+--------+--------+--------+-----+--------+
         Total |   3194 |   3194 |      0 |   1281 |    839 |   1 | 3194.0 |
       Dungeon |   3194 |   3194 |      0 |   1281 |    839 |   1 | 3194.0 |
               +--------+--------+--------+--------+--------+-----+--------+

Top non-repeatable levels by time:
       D: 3194 daAuts
